AoeStats
← Mknolix

MegaRandom

510518731Analyzed
4v4 RM · 2d ago on Oct 1, 2026· 29m 47s· 8 players
Game mode
Random Map
Map size
Large (8 player)
Population
200
Speed
Normal
Resources
Standard
Victory
Conquest
Starting age
Dark Age
Ending age
Imperial Age
RankedLock teamsTeams togetherTeam positionsShared explorationLock speedFull tech treeHidden civsTurbo modeCheats
Victory
Defeat
🇦🇷 Ethiopians · Argentina
1208
+15
🇱🇺 Romans · Luxembourg
1196
+15
🇸🇪 Koreans · Sweden
1176
+16
🇬🇧 Byzantines · United Kingdom
1157
+17
🇨🇳 Wu · China
1284
-20
🇨🇳 Georgians · China
1187
-16
🇨🇳 Franks · China
1143
-14
🇨🇳 Spanish · China
1099
-13
自古表白多白表
0:54 Loom
11:29 Feudal Age
15:43 Castle Age
13:58 Gold Mining
14:26 Double-Bit Axe
15:56 Fletching
16:50 Crossbowman
19:52 Padded Archer Armor
23:24 Bow Saw
25:01 Horse Collar
老k
8:27 Loom
10:13 Feudal Age
11:17 Horse Collar
11:23 Double-Bit Axe
14:59 Fletching
19:56 Castle Age
18:09 Gold Mining
18:52 Stone Mining
18:50 Town Watch
19:11 Padded Archer Armor
25:46 Bodkin Arrow
26:28 Bow Saw
阿酷丶
10:26 Feudal Age
8:44 Loom
14:46 Castle Age
12:31 Double-Bit Axe
14:13 Wheelbarrow
16:09 Bow Saw
16:55 Scale Barding Armor
16:41 Gold Mining
17:15 Forging
23:16 Squires
23:01 Gambesons
22:37 Pikeman
23:46 Husbandry
25:25 Chain Barding Armor
27:48 Iron Casting
寻找迷失的爱
10:02 Feudal Age
14:28 Castle Age
12:53 Stone Mining
12:50 Double-Bit Axe
13:20 Horse Collar
16:00 Bow Saw
16:49 Loom
21:03 Heavy Plow
25:03 Gold Mining
27:23 Wheelbarrow
Lord Ramsay Bolton
1:08 Loom
11:20 Feudal Age
21:47 Castle Age
19:53 Scale Mail Armor
19:41 Horse Collar
19:48 Double-Bit Axe
20:27 Padded Archer Armor
20:46 Fletching
23:01 Scale Barding Armor
25:39 Bow Saw
25:33 Light Cavalry
26:29 Bloodlines
27:05 Bodkin Arrow
28:08 Elite Skirmisher
The Outpost Man
3:21 Loom
12:15 Feudal Age
13:05 Double-Bit Axe
15:48 Horse Collar
18:18 Castle Age
16:46 Fletching
16:53 Horse Collar
19:27 Wheelbarrow
18:59 Heavy Plow
20:10 Crossbowman
25:12 Bow Saw
27:14 Bodkin Arrow
Mknolix
10:59 Feudal Age
9:30 Loom
11:36 Double-Bit Axe
16:33 Castle Age
14:32 Fletching
15:37 Padded Archer Armor
17:59 Wheelbarrow
17:28 Bodkin Arrow
17:27 Horse Collar
17:54 Crossbowman
26:08 Ballistics
26:52 Bow Saw
29:06 Leather Archer Armor
[SKY] strider
7:53 Loom
10:16 Feudal Age
17:18 Castle Age
16:07 Double-Bit Axe
17:19 Scale Barding Armor
21:15 Husbandry
28:58 Forging
30:54 Wheelbarrow
Connection lost

Rejoining the realm…

Still unreachable

The connection could not be restored.

Session expired

The server has moved on; the page needs a fresh start.